Map: Frost LE

Players

SortOf - Winner!

  • Race: Zerg Zerg
  • League: Grandmaster

Strange

  • Race: Protoss Protoss
  • League: Master

VOD

Have the link to the VOD?

Description

Time

  • Played on: Oct. 30, 2016, 6:23 a.m.
  • Length: 8:44
Show
View Real Time Build Order
Export as new Build Order

SortOf Zerg - Winner!

Build Orders: Hatch First 

Get SALT Encoding   

  12  0:01  Drone  
  13  0:12  Overlord  
  13  0:18  Drone  
  14  0:32  Drone x2  
  16  0:49  Unknown, Hatchery  
  15  0:52  Drone  
  15  0:55  Drone  
  17  0:58  Drone  
  18  1:09  Extractor  
  17  1:14  Spawning Pool  
  17  1:17  Drone  
  17  1:20  Drone  
  18  1:29  Drone  
  19  1:39  Overlord  
  19  1:49  Drone  
  20  2:00  Unknown  
  20  2:01  Queen, Drone  
  21  2:02  Zergling x2  
  21  2:03  Queen  
  26  2:09  Metabolic Boost  
  26  2:12  Drone  
  26  2:13  Drone  
  28  2:22  Drone x2  
  30  2:37  Unknown, Hatchery  
  30  2:41  Zergling x2  
  30  2:42  Zergling x2  
  31  2:47  Overlord  
  31  2:52  Pneumatized Carapace  
  31  2:55  Drone  
  31  2:57  Drone  
  33  2:58  Drone  
  35  3:05  Drone x2  
  36  3:13  Drone x3  
  36  3:16  Overlord  
  36  3:19  Drone  
  40  3:22  Zergling x4  
  40  3:25  Drone  
  43  3:30  Drone  
  44  3:34  Queen  
  44  3:37  Evolution Chamber  
  44  3:39  Baneling Nest  
  44  3:45  Drone x2  
  44  3:46  Overlord  
  44  3:48  Drone  
  47  3:49  Unknown, Drone  
  48  3:57  Drone x2  
  48  3:59  Zergling x4  
  48  4:00  Overlord  
  53  4:10  Zergling x4  
  53  4:13  Queen, Zergling x2  
  53  4:14  Zergling x4  
  53  4:15  Zergling x2  
  60  4:20  Zergling x8  
  60  4:23  Baneling x3  
  64  4:24  Baneling  
  64  4:29  Zergling x4  
  63  4:42  Zergling x8  
  60  4:52  Drone x5  
  65  4:55  Drone  
  65  4:56  Spore Crawler, Drone x3  
  65  4:57  Extractor x2, Baneling x3  
  66  5:05  Drone  
  67  5:13  Zergling x8  
  71  5:15  Roach Warren  
  71  5:16  Drone  
  71  5:20  Drone  
  72  5:22  Drone  
  72  5:27  Overlord  
  73  5:29  Overlord  
  73  5:34  Zerg Melee Weapons Level 1  
  73  5:36  Overlord  
  73  5:48  Zergling x18  
  82  5:50  Baneling x3  
  82  5:51  Zergling x4  
  82  5:52  Zergling x2  
  80  5:58  Zergling x2  
  69  6:05  Zergling x10  
  69  6:08  Roach x3  
  77  6:12  Roach  
  77  6:18  Baneling x2  
  69  6:21  Lair  
  69  6:22  Drone  
  69  6:23  Drone x5  
  75  6:27  Drone  
  75  6:30  Drone  
  76  6:42  Drone  
  76  6:43  Drone  
  76  6:45  Drone  
  76  6:46  Drone  
  79  6:48  Zergling x6  
  79  6:52  Overlord  
  82  7:00  Drone x2  
  82  7:05  Roach x3, Zergling x2  
  82  7:07  Overlord x3  
  89  7:15  Baneling x12  
  89  7:17  Unknown, Hatchery  
  89  7:20  Overlord  
  89  7:21  Overlord  
  88  7:27  Overlord  
  88  7:35  Zergling x28  
  102  7:43  Extractor, Drone x2  
  103  7:48  Ravager  
  103  7:51  Zergling x2  
  103  7:52  Zergling x6  
  103  7:55  Overlord  
  107  8:00  Zergling x8  
  107  8:02  Ravager  
  112  8:07  Zergling x10  
  115  8:21  Zergling x10  
  115  8:24  Extractor  
  119  8:28  Unknown, Hatchery  
  119  8:29  Unknown  
  119  8:32  Ravager  
Show
View Real Time Build Order
Export as new Build Order

Strange Protoss 

Build Orders: 1 Gate Expand, Mass Adepts 

Get SALT Encoding   

  12  0:01  Probe (Chrono Boost)  
  13  0:11  Probe (Chrono Boost)  
  14  0:19  Pylon  
  14  0:22  Probe (Chrono Boost)  
  15  0:37  Probe (Chrono Boost)  
  15  0:38  Gateway  
  16  0:47  Probe (Chrono Boost)  
  17  0:58  Probe (Chrono Boost)  
  17  0:59  Assimilator  
  18  1:08  Probe (Chrono Boost)  
  19  1:20  Nexus, Unknown  
  19  1:23  Probe (Chrono Boost)  
  20  1:33  Cybernetics Core  
  20  1:36  Probe (Chrono Boost)  
  21  1:44  Assimilator  
  22  1:47  Probe (Chrono Boost)  
  22  1:51  Pylon  
  22  1:57  Probe (Chrono Boost)  
  23  2:01  Warp Gate  
  23  2:06  Adept  
  23  2:11  Probe (Chrono Boost)  
  27  2:23  Probe (Chrono Boost), Twilight Council  
  27  2:30  Adept  
  27  2:31  Unknown  
  27  2:33  Probe (Chrono Boost)  
  27  2:35  Probe (Chrono Boost)  
  31  2:43  Probe (Chrono Boost)  
  32  2:47  Probe (Chrono Boost)  
  33  2:51  Resonating Glaives  
  33  2:55  Probe (Chrono Boost)  
  35  2:59  Probe (Chrono Boost)  
  36  3:07  Probe (Chrono Boost)  
  36  3:08  Gateway  
  36  3:09  Adept  
  36  3:11  Gateway  
  38  3:19  Probe x2 (Chrono Boost)  
  40  3:31  Probe (Chrono Boost), Pylon  
  40  3:33  Adept  
  42  3:35  Probe (Chrono Boost)  
  44  3:43  Probe (Chrono Boost)  
  44  3:48  Probe (Chrono Boost)  
  46  3:49  Nexus, Unknown  
  48  4:03  Mothership Core (Chrono Boost)  
  48  4:09  Adept x3  
  54  4:13  Pylon  
  54  4:18  Assimilator  
  54  4:20  Assimilator  
  56  4:31  Probe (Chrono Boost)  
  56  4:33  Probe (Chrono Boost)  
  56  4:42  Probe (Chrono Boost)  
  56  4:44  Adept  
  56  4:45  Adept x2, Probe (Chrono Boost)  
  50  4:48  Robotics Facility  
  50  4:52  Probe (Chrono Boost)  
  51  4:55  Probe (Chrono Boost)  
  52  5:01  Unknown  
  52  5:02  Probe (Chrono Boost)  
  52  5:03  Probe (Chrono Boost), Pylon  
  52  5:05  Adept x2  
  52  5:06  Adept, Probe (Chrono Boost)  
  61  5:12  Probe (Chrono Boost)  
  61  5:13  Probe (Chrono Boost)  
  63  5:17  Probe (Chrono Boost)  
  64  5:23  Probe (Chrono Boost)  
  64  5:24  Probe (Chrono Boost)  
  64  5:27  Probe (Chrono Boost), Gateway  
  67  5:29  Gateway  
  67  5:30  Adept x3  
  69  5:52  Stalker  
  69  5:53  Stalker x2  
  68  6:12  Immortal  
  56  6:24  Adept x3  
  62  6:26  Sentry x2  
  62  6:32  Probe x2 (Chrono Boost)  
  69  6:34  Probe (Chrono Boost)  
  69  6:43  Probe (Chrono Boost)  
  69  6:45  Stalker x2  
  74  6:47  Adept  
  74  6:49  Probe (Chrono Boost)  
  74  6:51  Probe (Chrono Boost)  
  74  6:53  Adept  
  80  6:58  Warp Prism  
  79  7:02  Sentry  
  83  7:15  Sentry, Gateway  
  83  7:16  Gateway  
  83  7:19  Pylon  
  85  7:24  Gateway  
  85  7:29  Pylon  
  85  7:34  Observer, Pylon  
  86  7:38  Adept x2, Pylon  
  86  7:42  Sentry  
  92  7:49  Stalker x2  
  96  8:04  Probe x2 (Chrono Boost)  
  98  8:06  Adept x3  
  104  8:15  Sentry x4  
  112  8:22  Probe x2 (Chrono Boost)  
  112  8:23  Pylon  
  114  8:30  Probe (Chrono Boost)  
  114  8:33  Probe x2 (Chrono Boost)  
Tags
 
Add a new tag
Caveats
  • Supply blocks, unpowered buildings, or Contaminate may cause inaccurate times.
  • Supply counts are checked every 10 seconds.